[Event "January 2 Early 2024"]
[Site "https://www.chess.com"]
[Date "2024.01.02"]
[Round "7"]
[White "Paravyan, David"]
[Black "Kovalev, Vladislav"]
[Result "1/2-1/2"]
[Board "8"]
[TimeControl "180+1"]
[WhiteFideId "4194985"]
[BlackFideId "13504398"]
[WhiteElo "3100"]
[BlackElo "2943"]
[WhiteTeam "FID"]
[BlackTeam "FID"]
[WhiteClock "0:00:09"]
[BlackClock "0:00:08"]

1. e4 e5 2. Nf3 Nc6 3. Bc4 Nf6 4. d3 Bc5 5. Nc3 h6 6. h3 d6 7. Na4 Bb6 8. c3 O-O 9. O-O Na5 10. Bb3 Nxb3 11. axb3 Be6 12. b4 c6 13. Nxb6 axb6 14. Be3 b5 15. Qc2 Qe7 16. Rfe1 Nh5 17. d4 Qf6 18. Nh2 Rxa1 19. Rxa1 Qg6 20. Kh1 exd4 21. cxd4 d5 22. Nf3 Qxe4 23. Qxe4 dxe4 24. Ne5 Nf6 25. Ra7 Bc8 26. Bd2 Nd5 27. Kg1 g5 28. Kf1 f6 29. Ng4 Bxg4 30. hxg4 Rf7 31. Ke2 Kg7 32. Ra8 Re7 33. Rb8 Kg6 34. g3 h5 35. gxh5+ Kxh5 36. f3 exf3+ 37. Kxf3 Kg6 38. g4 Rh7 39. Kg3 Rd7 40. Kf3 Kf7 41. Ke4 Nb6 42. Bc3 Ke6 43. Rf8 Re7 44. Rb8 Nd5 45. Bd2 Kd6+ 46. Kf5 Re2 47. Bc3 Rf2+ 48. Kg6 Kc7 49. Rf8 Rf4 50. Kh5 Rf3 51. Bd2 Kb6 52. Kg6 Rd3 53. Be1 Rb3 54. Bc3 Kc7 55. Rf7+ Kd6 56. Rxb7 Nxc3 57. bxc3 Rxc3 58. Kxf6 Rc4 59. Kxg5 Rxb4 60. Kf5 Rxd4 61. g5 Rd1 62. g6 Rf1+ 63. Kg5 Rg1+ 64. Kf6 Kc5 65. g7 b4 66. Re7 Kd4 67. Re1 Rxg7 68. Kxg7 c5 69. Rd1+ Ke4 70. Rc1 Kd4 71. Rd1+ Kc4 72. Rc1+ Kb5 73. Kf6 b3 74. Ke5 Kb4 75. Kd5 b2 76. Rb1 Kb3 77. Kxc5 Kc2 78. Rxb2+ Kxb2 1/2-1/2

[Event "January 2 Early 2024"]
[Site "https://www.chess.com"]
[Date "2024.01.02"]
[Round "7"]
[White "Klimkowski, Jan"]
[Black "Caruana, Fabiano"]
[Result "1-0"]
[Board "9"]
[TimeControl "180+1"]
[WhiteFideId "21856222"]
[BlackFideId "2020009"]
[WhiteElo "2923"]
[BlackElo "3051"]
[WhiteTeam "POL"]
[BlackTeam "USA"]
[WhiteClock "0:01:38"]
[BlackClock "0:01:59"]

1. d4 Nf6 2. c4 e6 3. Nf3 d5 4. Nc3 Bb4 5. Qa4+ Nc6 6. e3 O-O 7. Qc2 b6 8. cxd5 exd5 9. Bd2 Bb7 10. Bd3 Bd6 11. a3 a6 12. O-O Re8 13. b4 Nb8 14. b5 Ne4 15. a4 a5 16. Bc1 c5 17. bxc6 Bc5 18. cxb7 Ra7 19. dxc5 Rxb7 20. Nxe4 1-0

[Event "January 2 Early 2024"]
[Site "https://www.chess.com"]
[Date "2024.01.02"]
[Round "7"]
[White "Ibarra Jerez, Jose Carlos"]
[Black "Duda, Jan-Krzysztof"]
[Result "0-1"]
[Board "10"]
[TimeControl "180+1"]
[WhiteFideId "2226332"]
[BlackFideId "1170546"]
[WhiteElo "2921"]
[BlackElo "3039"]
[WhiteTeam "ESP"]
[BlackTeam "POL"]
[WhiteClock "0:00:04"]
[BlackClock "0:01:02"]

1. e4 c5 2. Nf3 d6 3. c3 Nf6 4. h3 g6 5. Bd3 Bg7 6. Bc2 e5 7. d4 exd4 8. cxd4 cxd4 9. Nxd4 O-O 10. O-O Re8 11. Nc3 d5 12. Bg5 dxe4 13. Ndb5 Qb6 14. Bxf6 Qxf6 15. Nc7 Rd8 16. Qe2 Nc6 17. Nxe4 Qxb2 18. Nxa8 Nd4 19. Qd3 Bf5 20. Nc7 Qxc2 21. Qxc2 Nxc2 22. Rad1 Rxd1 23. Rxd1 Bxe4 24. Rd8+ Bf8 25. Ne8 Bc6 26. Nf6+ Kg7 27. Nxh7 Be7 28. Rd2 Nb4 29. Re2 Nd5 0-1

[Event "January 2 Early 2024"]
[Site "https://www.chess.com"]
[Date "2024.01.02"]
[Round "7"]
[White "Xiong, Jeffery"]
[Black "Vasquez Schroeder, Rodrigo"]
[Result "0-1"]
[Board "11"]
[TimeControl "180+1"]
[WhiteFideId "2047640"]
[BlackFideId "3400042"]
[WhiteElo "3036"]
[BlackElo "2919"]
[WhiteTeam "USA"]
[BlackTeam "CHI"]
[WhiteClock "0:02:28"]
[BlackClock "0:01:33"]

1. d4 Nf6 2. c4 e6 3. Nc3 Bb4 4. Nf3 O-O 5. Bg5 h6 6. Bh4 c5 7. e3 cxd4 8. exd4 d5 9. Rc1 dxc4 10. Bxc4 Be7 11. O-O Nc6 12. Re1 Nh5 13. Bxe7 Nxe7 14. d5 exd5 15. Nxd5 Nxd5 16. Qxd5 Qxd5 17. Bxd5 Nf6 18. Bb3 Bd7 19. Rc7 Bc6 20. Ree7 Nd5 21. Bc4 Nxe7 22. Rxe7 Rae8 23. Rc7 Rd8 0-1

[Event "January 2 Early 2024"]
[Site "https://www.chess.com"]
[Date "2024.01.02"]
[Round "7"]
[White "Sarana, Alexey"]
[Black "Pranav Anand"]
[Result "0-1"]
[Board "12"]
[TimeControl "180+1"]
[WhiteFideId "24133795"]
[BlackFideId "46626786"]
[WhiteElo "3036"]
[BlackElo "2918"]
[WhiteTeam "SRB"]
[BlackTeam "IND"]
[WhiteClock "0:00:13"]
[BlackClock "0:00:36"]

1. d4 Nf6 2. c4 e6 3. Nc3 d5 4. Bg5 Nbd7 5. e3 Be7 6. Qc2 O-O 7. cxd5 exd5 8. Bd3 h6 9. Bf4 c5 10. Nf3 cxd4 11. Nxd4 Nc5 12. O-O Bd6 13. Bxd6 Qxd6 14. Rfd1 Ng4 15. Nf3 Be6 16. Nb5 Qe7 17. Rac1 Rfc8 18. Qe2 Nf6 19. Nbd4 Bd7 20. Bb1 Nce4 21. a3 a6 22. h3 Qd6 23. Qe1 a5 24. Rxc8+ Bxc8 25. Rc1 Bd7 26. Bd3 Qb6 27. Rc2 Ba4 28. b3 Bd7 29. Qc1 Qd8 30. Ne5 Be8 31. Rc7 Qd6 32. Nef3 Bc6 33. Nb5 Qc5 34. Qxc5 Nxc5 35. Be2 Ne6 36. Re7 Kf8 37. Rxe6 fxe6 38. Nbd4 Ke7 39. Ne5 Be8 40. f4 Rc8 41. Kf2 Ne4+ 42. Ke1 Rc1+ 43. Bd1 Nc3 44. Kd2 Rxd1+ 45. Kxc3 Rg1 46. g4 Rg3 47. Kd3 Rxh3 48. b4 a4 49. Ndf3 Rh1 50. Kc3 Rb1 51. Nd4 Rc1+ 52. Kd2 Ra1 53. Nc2 Rg1 54. Nd4 g6 55. b5 h5 56. Ke2 hxg4 57. Kf2 Ra1 58. Nxg4 Rxa3 59. Ke2 Rc3 60. Kd2 Rc8 61. Ne5 a3 62. Nc2 a2 63. b6 Rxc2+ 0-1

[Event "January 2 Early 2024"]
[Site "https://www.chess.com"]
[Date "2024.01.02"]
[Round "7"]
[White "Narayanan, Srinath"]
[Black "Svane, Frederik"]
[Result "0-1"]
[Board "13"]
[TimeControl "180+1"]
[WhiteFideId "5018420"]
[BlackFideId "12923044"]
[WhiteElo "2840"]
[BlackElo "3034"]
[WhiteTeam "IND"]
[BlackTeam "GER"]
[WhiteClock "0:00:00"]
[BlackClock "0:00:07"]

1. Nf3 c5 2. c4 g6 3. g3 Bg7 4. Bg2 Nc6 5. O-O d6 6. Nc3 h6 7. e3 Bg4 8. h3 Bxf3 9. Bxf3 e6 10. b3 Nge7 11. Bb2 O-O 12. Bg2 Qd7 13. d3 Rad8 14. Qd2 d5 15. cxd5 exd5 16. Rac1 b6 17. Ne2 d4 18. e4 a5 19. f4 a4 20. f5 Qd6 21. Nf4 axb3 22. axb3 Be5 23. Nd5 Kh7 24. g4 Nxd5 25. exd5 Nb4 26. Rce1 g5 27. f6 Bxf6 28. Rf5 Bg7 29. Ref1 f6 30. Be4 Kg8 31. Qg2 Ra8 32. Bc1 Ra2 33. R5f2 Rfa8 34. Bd2 Nc2 35. Qf3 Ne3 36. Re1 Ra1 37. Re2 Rxe1+ 38. Rxe1 Ra2 39. Re2 Ra1+ 40. Be1 Nc2 41. Rxc2 Rxe1+ 42. Kg2 Re3 43. Qf2 Bf8 44. Ra2 Qe5 45. Ra8 b5 46. d6 Qxd6 47. Rc8 Qe5 48. Rc6 Kg7 49. Rc8 Bd6 50. Rd8 Qh2+ 51. Kf1 Qxh3+ 52. Bg2 Qh2 53. Rd7+ Be7 54. Qf5 Qg3 55. Qf2 Qxg4 56. Rb7 Qe6 57. Be4 Qh3+ 58. Bg2 Qg4 59. Be4 Kf7 60. Qf5 Qxf5+ 61. Bxf5 Rf3+ 0-1

[Event "January 2 Early 2024"]
[Site "https://www.chess.com"]
[Date "2024.01.02"]
[Round "7"]
[White "Bologan, Victor"]
[Black "Meier, Georg"]
[Result "0-1"]
[Board "14"]
[TimeControl "180+1"]
[WhiteFideId "13900048"]
[BlackFideId "4675789"]
[WhiteElo "2822"]
[BlackElo "3020"]
[WhiteTeam "MDA"]
[BlackTeam "URU"]
[WhiteClock "0:00:00"]
[BlackClock "0:00:04"]

1. e4 e6 2. d4 d5 3. exd5 exd5 4. Nf3 Nf6 5. Bd3 Bd6 6. Qe2+ Be7 7. O-O O-O 8. h3 Re8 9. c3 Nc6 10. Qc2 h6 11. Bf4 Bd6 12. Bxd6 Qxd6 13. Nbd2 Bd7 14. b4 Re7 15. a4 Rae8 16. b5 Nd8 17. Ne5 c5 18. f4 Ne6 19. Qb2 Rc8 20. Bf5 g6 21. Bxe6 Bxe6 22. Nb3 Ne4 23. dxc5 Nxc5 24. Nd4 Ne4 25. Rac1 Rec7 26. Rf3 Bf5 27. g4 Bd7 28. Ne2 Be8 29. Nd3 f6 30. Nb4 Bf7 31. Rd1 a5 32. bxa6 bxa6 33. a5 Rc5 34. Qc2 Qe7 35. Qd3 Rxa5 36. Re3 Qc5 37. Qd4 Ra3 38. Nxd5 Qxd4 39. Rxd4 Bxd5 40. Rxd5 Nxc3 41. Nxc3 Raxc3 42. Rxc3 Rxc3 43. Rd6 Kf7 44. Rxa6 Rxh3 45. Kg2 Re3 46. Kf2 Re7 47. Kf3 Kg7 48. Rb6 Ra7 49. Rb3 Kf7 50. Kg3 Rc7 51. Ra3 Rd7 52. Rb3 Ke6 53. Rb6+ Rd6 54. Rb3 f5 55. Ra3 Kf6 56. Rb3 Ra6 57. Rc3 fxg4 58. Kxg4 h5+ 59. Kg3 Ra1 60. Rc6+ Kg7 61. Rb6 Rg1+ 62. Kf2 Rg4 63. Kf3 Rg1 64. Kf2 Rc1 65. Kf3 Rc5 66. Kg3 Ra5 67. Kf3 Rf5 68. Kg3 Rf6 69. Rb5 Kh6 70. Ra5 Rc6 71. Rb5 Rc3+ 72. Kg2 Kg7 73. Ra5 Re3 74. Rb5 Kf6 75. Ra5 h4 76. Rb5 Rg3+ 77. Kf2 Ra3 78. Kg2 Kg7 79. Kh2 Kh6 80. Kg2 Kg7 81. Kh2 Rf3 0-1

[Event "January 2 Early 2024"]
[Site "https://www.chess.com"]
[Date "2024.01.02"]
[Round "7"]
[White "Bindrich, Falko"]
[Black "Svane, Rasmus"]
[Result "1-0"]
[Board "15"]
[TimeControl "180+1"]
[WhiteFideId "4676670"]
[BlackFideId "4657101"]
[WhiteElo "2796"]
[BlackElo "3003"]
[WhiteTeam "GER"]
[BlackTeam "GER"]
[WhiteClock "0:00:10"]
[BlackClock "0:00:00"]

1. d4 Nf6 2. Nf3 d5 3. Bf4 e6 4. e3 Bd6 5. Bd3 O-O 6. O-O c5 7. c3 Bxf4 8. exf4 Qb6 9. Qe2 cxd4 10. Nxd4 Nc6 11. Nf3 Bd7 12. Re1 d4 13. c4 a5 14. Ne5 Rfd8 15. Nd2 Be8 16. Ndf3 h6 17. Rac1 Rac8 18. c5 Qa7 19. a3 a4 20. g3 Ne7 21. Bb5 Rxc5 22. Bxe8 Rxe8 23. Rxc5 Qxc5 24. Nxf7 Kxf7 25. Qxe6+ Kf8 26. Ne5 Qd5 27. Qb6 d3 28. Rd1 d2 29. Qb4 Ne4 30. Qxa4 Rd8 31. Qb4 Ke8 32. h4 Nf5 33. Qa4+ Kf8 34. Qb4+ Kg8 35. Kh2 Nd4 36. f3 Nf6 37. Rxd2 Qxe5 38. fxe5 Nxf3+ 39. Kh3 Ng1+ 40. Kg2 1-0

[Event "January 2 Early 2024"]
[Site "https://www.chess.com"]
[Date "2024.01.02"]
[Round "7"]
[White "Travadon, Loic"]
[Black "Pranesh M"]
[Result "1/2-1/2"]
[Board "16"]
[TimeControl "180+1"]
[WhiteFideId "26092131"]
[BlackFideId "35028600"]
[WhiteElo "2301"]
[BlackElo "2990"]
[WhiteTeam "FRA"]
[BlackTeam "IND"]
[WhiteClock "0:01:00"]
[BlackClock "0:01:11"]

1. e4 e5 2. Nc3 Nc6 3. g3 Nf6 4. Bg2 Bb4 5. Nge2 O-O 6. O-O d6 7. d3 h6 8. h3 Bxc3 9. Nxc3 Nd4 10. f4 c5 11. g4 Nh7 12. Be3 b5 13. Nd5 Bb7 14. c3 Ne6 15. f5 Bxd5 16. exd5 Nf4 17. Bxf4 exf4 18. Rxf4 Re8 19. Re4 Qh4 20. Qe1 Qxe1+ 21. Raxe1 Kf8 22. Rxe8+ Rxe8 23. Rxe8+ Kxe8 24. Kf2 Nf6 25. Ke3 Ke7 26. Kf4 Nd7 27. h4 f6 28. Ke4 Nb6 29. b3 b4 30. cxb4 cxb4 31. d4 a5 32. Bf1 Kf8 33. Bb5 Ke7 34. Bc6 Kf8 35. Kf4 1/2-1/2

[Event "January 2 Early 2024"]
[Site "https://www.chess.com"]
[Date "2024.01.02"]
[Round "7"]
[White "Makarian, Rudik"]
[Black "Zou, Chen"]
[Result "1/2-1/2"]
[Board "17"]
[TimeControl "180+1"]
[WhiteFideId "44105681"]
[BlackFideId "8610959"]
[WhiteElo "3030"]
[BlackElo "2771"]
[WhiteTeam "FID"]
[BlackTeam "CHN"]
[WhiteClock "0:00:44"]
[BlackClock "0:00:44"]

1. d4 d5 2. c4 e6 3. Nf3 Nf6 4. Nc3 Be7 5. Bf4 O-O 6. e3 Nbd7 7. c5 Nh5 8. Bd3 Nxf4 9. exf4 c6 10. O-O b6 11. b4 a5 12. a3 Ba6 13. Bxa6 Rxa6 14. Qd3 Qa8 15. b5 cxb5 16. Qxb5 Ra7 17. cxb6 Nxb6 18. Qd3 g6 19. Nb5 Rb7 20. Ne5 Nc4 21. a4 Nxe5 22. fxe5 Rc8 23. Rac1 Rbb8 24. g3 Rxc1 25. Rxc1 Rc8 26. Rxc8+ Qxc8 27. Qc3 Qxc3 28. Nxc3 Bd8 29. Nb5 Bb6 30. Kg2 h5 31. Kf3 Kg7 32. Ke3 g5 33. h3 Kg6 34. g4 hxg4 35. hxg4 f6 36. exf6 Kxf6 37. f4 Kg6 38. Kf3 Kf6 39. Ke3 Kg6 40. fxg5 e5 41. Kd3 Bxd4 42. Nxd4 exd4 43. Kxd4 Kxg5 44. Kxd5 Kxg4 45. Kc6 Kf5 46. Kb6 Ke6 47. Kxa5 Kd7 48. Kb6 Kc8 49. a5 Kb8 50. a6 Ka8 51. a7 1/2-1/2

[Event "January 2 Early 2024"]
[Site "https://www.chess.com"]
[Date "2024.01.02"]
[Round "7"]
[White "Zemlyanskii, Ivan"]
[Black "Moskalenko, Alexander"]
[Result "0-1"]
[Board "18"]
[TimeControl "180+1"]
[WhiteFideId "24249971"]
[BlackFideId "4155351"]
[WhiteElo "3004"]
[BlackElo "2827"]
[WhiteTeam "RUS"]
[BlackTeam "RUS"]
[WhiteClock "0:00:02"]
[BlackClock "0:00:59"]

1. d4 d5 2. c4 c6 3. Nf3 Nf6 4. e3 e6 5. Bd3 Nbd7 6. O-O Be7 7. b3 O-O 8. Bb2 b6 9. Nc3 Bb7 10. Qe2 c5 11. cxd5 Nxd5 12. Rfd1 Nxc3 13. Bxc3 Bf6 14. Bb5 Qe7 15. Bxd7 Qxd7 16. dxc5 Qe7 17. Bxf6 Qxf6 18. Rac1 Rac8 19. cxb6 axb6 20. h3 h6 21. Nd4 Rfd8 22. Qg4 Rc5 23. Qg3 Rg5 24. Qf4 Rxg2+ 25. Kf1 Qg6 26. Ne2 Rxd1+ 27. Rxd1 Ba6 28. Ke1 Qc2 29. Rd8+ Kh7 30. Rd2 Qb1+ 31. Rd1 Qc2 32. Rd2 Qb1+ 33. Rd1 Qxa2 34. Qe4+ f5 35. Qf3 Bxe2 36. Qxg2 Bxd1 37. Kxd1 Qxb3+ 38. Kd2 Qd5+ 39. Qxd5 exd5 40. Kc3 g5 41. Kd4 g4 42. h4 Kg6 43. Kxd5 b5 44. Kc5 Kh5 45. Kxb5 Kxh4 46. Kc5 Kg5 47. Kd5 h5 48. Ke5 h4 0-1

[Event "January 2 Early 2024"]
[Site "https://www.chess.com"]
[Date "2024.01.02"]
[Round "7"]
[White "Klukin, Kirill"]
[Black "Bluebaum, Matthias"]
[Result "1/2-1/2"]
[Board "19"]
[TimeControl "180+1"]
[WhiteFideId "24199273"]
[BlackFideId "24651516"]
[WhiteElo "2825"]
[BlackElo "3004"]
[WhiteTeam "RUS"]
[BlackTeam "GER"]
[WhiteClock "0:00:10"]
[BlackClock "0:00:13"]

1. c4 e6 2. Nc3 d5 3. cxd5 exd5 4. d4 Bb4 5. Nf3 Nf6 6. Bg5 O-O 7. e3 h6 8. Bxf6 Qxf6 9. Be2 c6 10. O-O Bg4 11. Rc1 Nd7 12. Ne5 Nxe5 13. dxe5 Bxe2 14. exf6 Bxd1 15. fxg7 Kxg7 16. Rfxd1 Rad8 17. Ne2 Bd6 18. b3 Be5 19. g3 Rfe8 20. Kg2 a5 21. Nd4 Kg6 22. a4 Ra8 23. Nf3 Bf6 24. Rd3 Ra6 25. Nd2 Rb6 26. Kf3 Be7 27. e4 dxe4+ 28. Nxe4 Rd8 29. Rcd1 f5 30. Rxd8 fxe4+ 31. Kxe4 Bxd8 32. Rxd8 Rxb3 33. f4 Rb1 34. f5+ Kf6 35. g4 Rb4+ 36. Kf3 Rxa4 37. Rd6+ Ke5 38. Re6+ Kd5 39. Re3 Ra1 40. Kf2 Ra2+ 41. Kg3 Ra1 42. Kf2 Ra2+ 43. Kf3 Ra1 44. Kg2 Ra2+ 45. Kg3 Ra1 46. Kg2 Ra2+ 47. Kg3 1/2-1/2

[Event "January 2 Early 2024"]
[Site "https://www.chess.com"]
[Date "2024.01.02"]
[Round "7"]
[White "Pakleza, Zbigniew"]
[Black "Movahed, Sina"]
[Result "0-1"]
[Board "20"]
[TimeControl "180+1"]
[WhiteFideId "1119290"]
[BlackFideId "42520835"]
[WhiteElo "2821"]
[BlackElo "3001"]
[WhiteTeam "POL"]
[BlackTeam "IRI"]
[WhiteClock "0:00:02"]
[BlackClock "0:00:17"]

1. d4 Nf6 2. Nf3 g6 3. Bf4 Bg7 4. e3 O-O 5. Be2 d6 6. h3 Nfd7 7. O-O e5 8. Bh2 Nc6 9. c4 exd4 10. exd4 Re8 11. Nc3 Nf6 12. Re1 Ne4 13. Nd5 Nf6 14. Ne3 b6 15. c5 bxc5 16. dxc5 Ne4 17. cxd6 cxd6 18. Bb5 Qb6 19. Qa4 Bd7 20. Nd5 Qxf2+ 21. Kh1 Nc5 22. Qf4 Qxb2 23. Bxc6 Bxc6 24. Qxd6 Bxd5 25. Qxd5 Rad8 26. Rxe8+ Rxe8 27. Rf1 Ne6 28. Be5 Qe2 29. Re1 Qf2 30. Bxg7 Kxg7 31. Qe5+ Kg8 32. Qe2 Qg3 33. Qd2 Rd8 34. Qe2 h5 35. Qf1 Rd5 36. Ng1 Rf5 37. Nf3 Nf4 38. Re8+ Kh7 39. Qg1 Nxh3 40. Qh2 Rxf3 41. Qxg3 Rxg3 42. gxh3 Rxh3+ 43. Kg2 Ra3 44. Re2 Kg7 0-1

[Event "January 2 Early 2024"]
[Site "https://www.chess.com"]
[Date "2024.01.02"]
[Round "7"]
[White "Pap, Gyula"]
[Black "Bartel, Mateusz"]
[Result "0-1"]
[Board "21"]
[TimeControl "180+1"]
[WhiteFideId "725323"]
[BlackFideId "1112635"]
[WhiteElo "2988"]
[BlackElo "2806"]
[WhiteTeam "HUN"]
[BlackTeam "POL"]
[WhiteClock "0:00:11"]
[BlackClock "0:00:42"]

1. e4 e5 2. Nf3 d6 3. d4 exd4 4. Nxd4 Nf6 5. Nc3 Be7 6. Qf3 O-O 7. Bf4 Nc6 8. Nf5 Bxf5 9. exf5 Nd4 10. Qd3 c5 11. Be3 d5 12. O-O-O Rc8 13. h3 Qa5 14. Kb1 Nc6 15. Bd2 Nb4 16. Qb5 Qc7 17. g4 c4 18. Na4 Nc6 19. Bg2 Nd4 20. Qa5 b6 21. Qa6 Nc6 22. Bc3 Ne4 23. Bxe4 dxe4 24. Qxc4 Qb7 25. Qb3 b5 26. Rd5 Nb4 27. Nc5 Qxd5 0-1

[Event "January 2 Early 2024"]
[Site "https://www.chess.com"]
[Date "2024.01.02"]
[Round "7"]
[White "Salem, A.R. Saleh"]
[Black "Gabrielian, Artur"]
[Result "1-0"]
[Board "22"]
[TimeControl "180+1"]
[WhiteFideId "9301348"]
[BlackFideId "4131002"]
[WhiteElo "2987"]
[BlackElo "2805"]
[WhiteTeam "UAE"]
[BlackTeam "RUS"]
[WhiteClock "0:00:05"]
[BlackClock "0:00:01"]

1. d4 Nf6 2. c4 g6 3. Nf3 Bg7 4. e3 O-O 5. Be2 d6 6. O-O c5 7. Nc3 cxd4 8. exd4 Nc6 9. h3 e5 10. dxe5 dxe5 11. Be3 Be6 12. Qa4 Rc8 13. Rfd1 Qa5 14. Qxa5 Nxa5 15. b3 Nc6 16. Ng5 Bf5 17. g4 Bd7 18. Nb5 a6 19. Nd6 Rb8 20. Nf3 Be6 21. Ng5 Bd7 22. Rac1 Nd4 23. Bxd4 exd4 24. Rxd4 Bc6 25. Rcd1 h6 26. Nf3 h5 27. Ng5 Nh7 28. Nxh7 Kxh7 29. Rf4 hxg4 30. hxg4 Kg8 31. g5 Be5 32. Rh4 Kg7 33. f4 Bc3 34. f5 f6 35. Rh6 Rh8 36. Rxg6+ Kf8 37. gxf6 Be5 38. Kf2 Rh2+ 39. Ke3 Rh3+ 40. Kf2 Rh2+ 41. Kf1 Rh1+ 42. Rg1 Rxg1+ 43. Kxg1 Bxf6 44. c5 Ke7 45. b4 Rg8+ 46. Kf1 Rh8 47. Kf2 Rh2+ 48. Ke3 Rh3+ 49. Kf4 Rh2 50. Bf3 Rh4+ 51. Kg3 Rxb4 52. Bxc6 bxc6 53. Re1+ Kd7 54. Re6 Bd4 55. Ne4 Rb1 56. Rd6+ Ke7 57. Rxd4 1-0

[Event "January 2 Early 2024"]
[Site "https://www.chess.com"]
[Date "2024.01.02"]
[Round "7"]
[White "Krzyzanowski, Marcin"]
[Black "Kramnik, Vladimir"]
[Result "0-1"]
[Board "23"]
[TimeControl "180+1"]
[WhiteFideId "1132199"]
[BlackFideId "4101588"]
[WhiteElo "2783"]
[BlackElo "2984"]
[WhiteTeam "POL"]
[BlackTeam "RUS"]
[WhiteClock "0:00:02"]
[BlackClock "0:00:32"]

1. e4 c5 2. Nf3 d6 3. d4 cxd4 4. Nxd4 Nf6 5. Nc3 a6 6. Be2 e5 7. Nb3 Be7 8. O-O O-O 9. Qd3 Be6 10. Bd2 Nbd7 11. Nd5 Bxd5 12. exd5 e4 13. Qd4 Re8 14. c4 Bf8 15. Na5 e3 16. fxe3 Ne4 17. Nb3 g6 18. Ba5 b6 19. Bc3 Nxc3 20. Qxc3 Bg7 21. Qd2 Qg5 22. Rf3 Bh6 23. Raf1 Qxe3+ 24. Qxe3 Bxe3+ 25. Kh1 f5 26. Bd1 Nf6 27. h3 Re5 28. g4 f4 29. Bc2 Kg7 30. a4 h5 31. gxh5 Rxh5 32. Nc1 Rah8 33. Ne2 g5 34. Kg2 Rh4 35. Rxe3 fxe3 36. Ng3 Rxh3 37. Nf5+ Kf8 38. Nd4 Rh2+ 39. Kf3 R8h3# 0-1

[Event "January 2 Early 2024"]
[Site "https://www.chess.com"]
[Date "2024.01.02"]
[Round "7"]
[White "Wagner, Dennis"]
[Black "Baskakov, Egor"]
[Result "0-1"]
[Board "24"]
[TimeControl "180+1"]
[WhiteFideId "24650684"]
[BlackFideId "24197866"]
[WhiteElo "2756"]
[BlackElo "2937"]
[WhiteTeam "GER"]
[BlackTeam "RUS"]
[WhiteClock "0:00:03"]
[BlackClock "0:00:25"]

1. c4 Nf6 2. Nc3 e6 3. d4 d5 4. Nf3 Ne4 5. Qc2 f5 6. Bf4 c6 7. Rd1 Be7 8. h4 O-O 9. e3 Bd7 10. Be2 Be8 11. Ne5 Nd7 12. Nxd7 Qxd7 13. h5 Bd6 14. Bxd6 Qxd6 15. g3 Bd7 16. Kf1 Rf6 17. Kg2 Raf8 18. Rh4 Be8 19. a3 Qe7 20. Bd3 Rh6 21. Rdh1 Qg5 22. Be2 Kh8 23. Bf3 Rg8 24. Ne2 Qe7 25. Nf4 Rf8 26. Rc1 Kg8 27. Rhh1 g5 28. hxg6 Rxh1 29. Rxh1 hxg6 30. Qc1 g5 31. Nd3 Qf6 32. Rh2 Bg6 33. Ne5 Qg7 34. Qh1 Rf6 35. Bxe4 dxe4 36. Rh6 f4 37. Kg1 c5 38. Ng4 fxe3 39. Nxf6+ Qxf6 40. fxe3 Kg7 41. Rh2 cxd4 42. Rf2 Qe5 43. Qg2 dxe3 44. Re2 Qd4 45. Kh2 Qd3 46. Re1 Bh5 47. Qg1 Bf3 48. Qxe3 Qc2+ 49. Re2 Qxe2+ 50. Qxe2 Bxe2 51. Kg2 Bxc4 52. Kf2 Kf6 53. Ke3 Ke5 54. g4 Bf1 0-1

[Event "January 2 Early 2024"]
[Site "https://www.chess.com"]
[Date "2024.01.02"]
[Round "7"]
[White "Donchenko, Alexander"]
[Black "Oganian, Miran"]
[Result "1-0"]
[Board "25"]
[TimeControl "180+1"]
[WhiteFideId "24603295"]
[BlackFideId "4122488"]
[WhiteElo "2930"]
[BlackElo "2750"]
[WhiteTeam "GER"]
[BlackTeam "RUS"]
[WhiteClock "0:01:13"]
[BlackClock "0:00:00"]

1. Nf3 d5 2. g3 g6 3. Bg2 Bg7 4. d4 Nf6 5. O-O O-O 6. c4 dxc4 7. Na3 c3 8. bxc3 c5 9. Ne5 Ng4 10. Nxg4 Bxg4 11. Bxb7 Nd7 12. Nc4 Qc7 13. Bxa8 Rxa8 14. Bf4 Qb7 15. d5 Bxc3 16. Rb1 Qa6 17. Qd3 Bg7 18. f3 Bh3 19. Rfc1 h6 20. g4 Nb6 21. Kf2 g5 22. Be3 Nxc4 23. Qxc4 Qd6 24. Kg1 Be5 25. Kh1 Bxh2 26. f4 Bxf4 27. Bxf4 gxf4 28. Rg1 Qe5 29. Rb3 Rd8 30. Rxh3 Rxd5 31. Rh2 Rd4 32. Qc2 Qd5+ 33. Rhg2 c4 34. Qf5 Qd6 35. g5 Kf8 36. gxh6 Qxh6+ 37. Rh2 Qf6 38. Qc8+ 1-0

[Event "January 2 Early 2024"]
[Site "https://www.chess.com"]
[Date "2024.01.02"]
[Round "7"]
[White "Goltsev, Dmitry"]
[Black "Galchenko, Matvey"]
[Result "1-0"]
[Board "26"]
[TimeControl "180+1"]
[WhiteFideId "24176710"]
[BlackFideId "24175480"]
[WhiteElo "2741"]
[BlackElo "2905"]
[WhiteTeam "RUS"]
[BlackTeam "FID"]
[WhiteClock "0:00:53"]
[BlackClock "0:00:00"]

1. e4 e6 2. d4 d5 3. exd5 exd5 4. Nf3 Nf6 5. Bd3 c5 6. O-O Be7 7. dxc5 O-O 8. Be3 Ng4 9. Bd4 Nc6 10. c3 Nxd4 11. cxd4 b6 12. h3 Nf6 13. c6 a6 14. Nbd2 Be6 15. Ng5 Qd6 16. Nxe6 fxe6 17. Rc1 Rfc8 18. Qc2 Qf4 19. Nf3 Bd6 20. Rfe1 Re8 21. Qd2 Qxd2 22. Nxd2 Bf4 23. Rc2 b5 24. Nf3 Rac8 25. g3 Bd6 26. Ng5 h6 27. Rxe6 Rxe6 28. Nxe6 Kf7 29. Bf5 Ke7 30. Nxg7 Rc7 31. Ne6 Rc8 32. c7 1-0

[Event "January 2 Early 2024"]
[Site "https://www.chess.com"]
[Date "2024.01.02"]
[Round "7"]
[White "Zhigalko, Sergei"]
[Black "Harshavardhan G B"]
[Result "1-0"]
[Board "27"]
[TimeControl "180+1"]
[WhiteFideId "13502956"]
[BlackFideId "25059009"]
[WhiteElo "2904"]
[BlackElo "2724"]
[WhiteTeam "BLR"]
[BlackTeam "IND"]
[WhiteClock "0:01:23"]
[BlackClock "0:01:00"]

1. e4 e5 2. Nf3 Nc6 3. Bc4 Nf6 4. d3 Be7 5. O-O O-O 6. Nbd2 d6 7. c3 h6 8. Re1 Bg4 9. h3 Be6 10. Nf1 Qd7 11. Ng3 Nh7 12. Bb5 a6 13. Ba4 b5 14. Bc2 Ng5 15. Bxg5 Bxg5 16. d4 exd4 17. cxd4 d5 18. Nxg5 hxg5 19. e5 Nb4 20. Bb1 a5 21. Qh5 g6 22. Qxg5 Qc6 23. Nh5 Nc2 24. Rc1 Bf5 25. Bxc2 Bxc2 26. Qh6 f5 27. Qg7# 1-0

[Event "January 2 Early 2024"]
[Site "https://www.chess.com"]
[Date "2024.01.02"]
[Round "7"]
[White "Hansen, Sune Berg"]
[Black "Kukhmazov, Arsen"]
[Result "0-1"]
[Board "28"]
[TimeControl "180+1"]
[WhiteFideId "1400266"]
[BlackFideId "24108260"]
[WhiteElo "2671"]
[BlackElo "2876"]
[WhiteTeam "DEN"]
[BlackTeam "FID"]
[WhiteClock "0:00:16"]
[BlackClock "0:00:08"]

1. d4 Nf6 2. c4 e6 3. Nc3 Bb4 4. e3 O-O 5. Bd3 d5 6. a3 Bxc3+ 7. bxc3 dxc4 8. Bxc4 c5 9. Ne2 Qc7 10. Bd3 e5 11. O-O Nc6 12. h3 Rd8 13. Bb2 Be6 14. Rc1 Qb6 15. Ba1 h6 16. Rb1 Qc7 17. Qc2 Rac8 18. Rfc1 a6 19. Ng3 b5 20. dxe5 Nxe5 21. Bf1 c4 22. a4 Bd7 23. Bb2 Bc6 24. axb5 axb5 25. Qf5 Nd3 26. Rc2 Rd5 27. Qf3 Rg5 28. e4 Nxf2 29. Rxf2 Rxg3 30. Qf4 Qxf4 31. Rxf4 Bxe4 32. Ra1 Rd8 33. Kh2 Rg5 34. Bc1 Re5 35. Rf2 Bd3 36. Bf4 Re4 37. Ra5 Bxf1 38. Rxf1 Rd5 39. Bg3 Re2 40. Rf2 Rxf2 41. Bxf2 Ne4 42. Bd4 Kh7 43. g4 Nd2 44. Ra7 Nf3+ 45. Kg3 Nxd4 46. cxd4 Rxd4 47. Rxf7 b4 48. Rb7 b3 49. Rb4 Rd3+ 50. Kh4 g5+ 0-1

[Event "January 2 Early 2024"]
[Site "https://www.chess.com"]
[Date "2024.01.02"]
[Round "7"]
[White "Papasimakopoulos, Alexandros"]
[Black "Gokerkan, Cem Kaan"]
[Result "0-1"]
[Board "29"]
[TimeControl "180+1"]
[WhiteFideId "4244125"]
[BlackFideId "6336760"]
[WhiteElo "2655"]
[BlackElo "2839"]
[WhiteTeam "GRE"]
[BlackTeam "TUR"]
[WhiteClock "0:00:30"]
[BlackClock "0:00:17"]

1. d4 Nf6 2. c4 g6 3. Nc3 Bg7 4. Bg5 O-O 5. e3 c5 6. Nf3 cxd4 7. Nxd4 Qa5 8. Bxf6 Bxf6 9. Be2 Nc6 10. O-O d6 11. Nd5 Bxd4 12. exd4 e5 13. dxe5 dxe5 14. Re1 Be6 15. Qb3 Nd4 16. Qxb7 Bxd5 17. Qxd5 Qxd5 18. cxd5 Nc2 19. b3 Rad8 20. Bc4 f5 21. Kf1 e4 22. Rad1 Nxe1 23. Kxe1 Rd6 24. Kd2 Kf7 25. Ke3 Kf6 26. Kd4 h5 27. b4 h4 28. a4 g5 29. Bb5 Rxd5+ 30. Kxd5 Rd8+ 31. Kc6 Rxd1 32. Kb7 Rd4 33. Kxa7 Rxb4 34. Kb6 f4 35. a5 h3 36. gxh3 e3 37. fxe3 f3 38. a6 f2 39. a7 f1=Q 40. a8=Q Qxb5+ 41. Kc7 Qb6+ 42. Kd7 Qb7+ 0-1